 Dungeon Crawl Stone Soup version 0.22-a0-848-ge9e22a0 (webtiles) character file.

52891 Amnesiac the Earth Mage (level 14, -5/85 HPs)
             Began as a Mummy Earth Elementalist on July 26, 2018.
             Was a High Priest of Vehumet.
             Slain by a dire elephant (31 damage)
             ... on level 5 of the Lair of Beasts.
             The game lasted 00:50:32 (25261 turns).

Amnesiac the Earth Mage (Mummy Earth Elementalist) Turns: 25261, Time: 00:50:32

Health: -5/85      AC: 21    Str: 13    XL:     14   Next: 28%
Magic:  1/34       EV: 12    Int: 20    God:    Vehumet [*****.]
Gold:   1657       SH:  0    Dex: 12    Spells: 19/45 levels left

rFire    . . .     SeeInvis +   a - +3 halberd (elec)
rCold    . . .     Gourm    .   (shield currently unavailable)
rNeg     + + +     Faith    +   m - +4 ring mail {rPois}
rPois    ∞         Spirit   .   L - +3 crown of Dyrovepreva {rElec Int+2 SInv}
rElec    +         Reflect  .   v - +2 cloak
rCorr    .         Harm     .   c - +2 pair of gloves
MR       +....                  l - +2 pair of boots
Stlth    +.........             Q - amulet of faith
HPRegen  0.24/turn              R - ring of fire
MPRegen  0.24/turn              P - +2 ring of evasion

@: very slightly contaminated
A: no food or potions, fire vulnerability, cold resistance 1, negative energy
resistance 3, torment resistance, unbreathing, in touch with death 1
a: Renounce Religion


You were on level 5 of the Lair of Beasts.
You worshipped Vehumet.
Vehumet was extremely pleased with you.
You were not hungry.

You visited 5 branches of the dungeon, and saw 21 of its levels.
You also visited: Labyrinth and Bailey.

You collected 1683 gold pieces.
You spent 26 gold pieces at shops.

Inventory:

Hand Weapons
 a - a +3 halberd of electrocution (weapon)
 b - a +0 dagger of venom
 z - a +0 blowgun
Missiles
 j - 147 sling bullets
 n - 128 stones (quivered)
 y - 70 tomahawks of returning
 A - 19 curare-tipped needles
Armour
 c - a +2 pair of gloves (worn)
 l - a +2 pair of boots (worn)
 m - a +4 ring mail of poison resistance (worn)
 v - a +2 cloak (worn)
 w - a +2 shield
 L - the +3 crown of Dyrovepreva (worn) {rElec Int+2 SInv}
   (You found it on level 4 of the Lair of Beasts)

   It affects your intelligence (+2).
   It insulates you from electricity.
   It lets you see invisible.
 O - a +0 buckler
Jewellery
 G - an uncursed ring of protection from magic
 N - an uncursed ring of resist corrosion
 P - a +2 ring of evasion (right hand)
 Q - an amulet of faith (around neck)
 R - a ring of fire (left hand)
Wands
 g - a wand of flame (78)
 h - a wand of iceblast (16)
 k - a wand of random effects (81)
 o - a wand of digging (10)
 q - a wand of paralysis (27)
 s - a wand of acid (1)
 x - a wand of disintegration (35)
 B - a wand of enslavement (28)
 J - a wand of polymorph (12)
Scrolls
 d - 9 scrolls of magic mapping {!r}
 e - 18 scrolls of remove curse {!r}
 i - 8 scrolls of teleportation {!r}
 p - 3 scrolls of amnesia {!r}
 r - 3 scrolls of blinking {!r}
 t - 2 scrolls of brand weapon {!r}
 u - a scroll of vulnerability {!r}
 D - a scroll of holy word {!r}
 E - 5 scrolls of identify {!r}
 F - a scroll of enchant weapon {!r}
 H - 3 scrolls of fog {!r}
 K - 2 scrolls of enchant armour {!r}
 M - 2 scrolls of torment {!r}
Miscellaneous
 f - a fan of gales
 C - a lightning rod (4/4)
 I - a crystal ball of energy


   Skills:
 - Level 1.5 Dodging
 - Level 1.5 Stealth
 + Level 2.9 Shields
 + Level 16.4 Spellcasting
 - Level 0.7 Transmutations
 * Level 16.5 Earth Magic


You had 19 spell levels left.
You knew the following spells:

 Your Spells              Type           Power        Failure   Level  Hunger
a - Iron Shot             Conj/Erth      #####.....   11%         6    N/A
b - Passwall              Tmut/Erth      ######..     1%          2    N/A
c - Sandblast             Erth           ######       0%          1    N/A
d - Lee's Rapid Deconstr  Erth           ######....   1%          5    N/A
e - Petrify               Tmut/Erth      ######..     2%          4    N/A
f - Stone Arrow           Conj/Erth      #####.       1%          3    N/A
g - Bolt of Draining      Conj/Necr      ###.......   45%         5    N/A

Your spell library contained the following spells:

 Spells                   Type           Power        Failure   Level  Hunger
 Bolt of Magma            Conj/Fire/Erth ######....   6%          5    N/A
 Venom Bolt               Conj/Pois      ###.......   45%         5    N/A
 Summon Small Mammal      Summ           ###.         8%          1    N/A
 Summon Ice Beast         Ice/Summ       ###.....     61%         4    N/A
 Call Imp                 Summ           ###.....     12%         2    N/A
 Call Canine Familiar     Summ           ###.....     24%         3    N/A
 Orb of Destruction       Conj           ###.......   100%        7    N/A
 Iskenderun's Battlesphe  Conj/Chrm      ###.....     45%         5    N/A
 Summon Lightning Spire   Summ/Air       ###.....     61%         4    N/A
 Summon Guardian Golem    Hex/Summ       ###.....     24%         3    N/A
 Spellforged Servitor     Conj/Summ      ###.......   100%        7    N/A

Dungeon Overview and Level Annotations

Branches:
Dungeon (12/15)            Temple (1/1) D:7            Lair (6/6) D:11
 Shoals (1/4) Lair:2        Snake (0/4) Lair:2        Slime (0/5) Lair:5
    Orc (1/2) D:10

Altars:
Ashenzari
Cheibriados
Dithmenos
Elyvilon
Fedhas
Gozag
Hepliaklqana
Kikubaaqudgha
Makhleb
Nemelex Xobeh
Okawaru
Qazlal
Ru
Sif Muna
Trog
Uskayaw
Vehumet
Wu Jian
Xom
Yredelemnul
Zin
The Shining One
Beogh

Shops:
D:4 (   D:10 %   Orc:1 ?}!*

Annotations:
D:12 Nessos
Lair:6 Lylamap's ghost, journeyman MiBe
Orc:1 Torious's ghost, journeyman DECj


Innate Abilities, Weirdness & Mutations

You do not eat or drink.
Your flesh is vulnerable to fire.
You are immune to poison.
Your flesh is cold resistant. (rC+)
You are immune to negative energy. (rN+++)
You are immune to unholy pain and torment.
You can survive without breathing.
You are in touch with the powers of death.


Message History

The dire elephant is moderately wounded.
The dire elephant tramples you but does no damage.
The dire elephant closely misses you.
Unknown command.
Casting: Iron Shot (quite dangerous; 11% risk of failure)
Confirm with . or Enter, or press ? or * to list all spells.
Aiming: Iron Shot (quite dangerous; 11% risk of failure)
Press: ? - help, Shift-Dir - straight line, f/p - dire elephant
Aim: a dire elephant (moderately wounded)
You miscast Iron Shot.
You are very lightly contaminated with residual magic.
The floor shifts beneath you alarmingly!
The dire elephant tramples you.
You stumble backwards!
Unknown command.
Casting: Iron Shot (quite dangerous; 11% risk of failure)
Confirm with . or Enter, or press ? or * to list all spells.
Aiming: Iron Shot (quite dangerous; 11% risk of failure)
Press: ? - help, Shift-Dir - straight line, f/p - dire elephant
Aim: a dire elephant (moderately wounded)
The iron shot hits the dire elephant.
The dire elephant is heavily wounded.
The dire elephant tramples you!!
* * * LOW HITPOINT WARNING * * *
You stumble backwards!
Unknown command.
Casting: Iron Shot (quite dangerous; 11% risk of failure)
Confirm with . or Enter, or press ? or * to list all spells.
Aiming: Iron Shot (quite dangerous; 11% risk of failure)
Press: ? - help, Shift-Dir - straight line, f/p - dire elephant
Aim: a dire elephant (heavily wounded)
The iron shot hits the dire elephant.
The dire elephant is severely wounded.
The dire elephant tramples you.
* * * LOW HITPOINT WARNING * * *
You stumble backwards!
Unknown command.
Casting: Iron Shot (quite dangerous; 11% risk of failure)
Confirm with . or Enter, or press ? or * to list all spells.
You don't have enough magic to cast that spell.
Casting: Iron Shot (quite dangerous; 11% risk of failure)
Confirm with . or Enter, or press ? or * to list all spells.
Aiming: Iron Shot (quite dangerous; 11% risk of failure)
Press: ? - help, Shift-Dir - straight line, f/p - dire elephant
Aim: a dire elephant (severely wounded)
The iron shot hits the dire elephant.
The dire elephant is almost dead.
The dire elephant tramples you!
* * * LOW HITPOINT WARNING * * *
You stumble backwards!
Unknown command.
Evoke which item? (* to show all) (? for menu, Esc to quit)
Aiming: Paralyse
Press: ? - help, Shift-Dir - straight line, f/p - dire elephant
Aim: a dire elephant (almost dead, chance to defeat MR: 1%)
Okay, then.
Evoke which item? (* to show all) (? for menu, Esc to quit)
Aiming: Corrosive Bolt
Press: ? - help, Shift-Dir - straight line, f/p - dire elephant
Aim: a dire elephant (almost dead)
The bolt of acid hits the dire elephant.
The dire elephant appears unharmed.
The dire elephant is almost dead.
The dire elephant tramples you!!
You die...

###### ####.##.# ### #####
##PP..#..#
#.#####..P####.P.......
##.#..#...#.##.........
#...........##.....[...
#................).....
#..............[.......
#.....@Y....#..........
###...##.#.##..........
##.....###.#........>
#####...#######.+##..P#
#####P......###.# ##..#####
#..............#####.##
#.(..<............#..## ###
#..............P......###.#
##.........)...............


You could see a dire elephant.

Vanquished Creatures
  Gastronok (Lair:3)
  4 dire elephants (Lair:6)
  A minotaur (Lab)
  Snorg (D:10)
  4 hydras
  An anaconda (Lair:6)
  3 two-headed ogres
  7 death yaks
  Nergalle (D:10)
  Sonja (D:10)
  An unseen horror (D:10)
  An oklob plant (Lair:5)
  2 manticores
  7 elephants
  Maurice (D:10)
  7 black mambas
  A torpor snail (Lair:1)
  Psyche (D:9)
  3 rime drakes (Lair:6)
  6 spiny frogs
  A kobold demonologist (D:11)
  5 komodo dragons
  A hornet (D:10)
  2 trolls (D:11)
  A wind drake (Shoals:1)
  A polar bear (Lair:6)
  18 blink frogs
  12 dream sheep
  6 hippogriffs
  3 slime creatures
  A redback (Lab)
  Sigmund (D:6)
  2 wyverns
  22 yaks
  3 basilisks
  A catoblepas simulacrum (Lair:6)
  2 wargs (D:10)
  6 nagas (Lair:2)
  6 water moccasins
  2 black bears
  12 orc warriors
  8 porcupines
  A necrophage (D:9)
  2 ice beasts
  An eye of draining (D:11)
  3 ogres
  A black mamba simulacrum (Lair:6)
  A phantom (D:7)
  25 wolves (Lair:3)
  2 centaurs (D:5)
  16 crocodiles
  4 big kobolds
  10 bullfrogs
  2 spiny frog simulacra (Lair:6)
  A water moccasin skeleton (D:6)
  A dream sheep simulacrum (Lair:6)
  6 killer bees (D:9)
  8 wights
  An electric eel (Lair:3)
  A troll skeleton (Lab)
  A howler monkey (D:8)
  A spriggan skeleton (Lab)
  A bullfrog zombie (D:9)
  6 crimson imps
  2 komodo dragon simulacra (Lair:6)
  4 jellies
  8 orc priests
  4 bullfrog skeletons
  A centaur zombie (D:9)
  Crazy Yiuf (D:2)
  12 orc wizards
  4 hounds
  A centaur skeleton (D:4)
  3 iguanas
  7 worker ants
  2 hound zombies (D:8)
  Robin (D:3)
  13 gnolls (Bailey)
  2 worker ant zombies
  13 adders
  3 shadow imps
  4 worms
  An adder skeleton (D:9)
  A dart slug (D:1)
  4 leopard geckos
  68 orcs
  A ball python (D:3)
  5 bats
  5 giant cockroaches
  28 hobgoblins
  14 jackals
  3 quokkas
  7 frilled lizards
  24 goblins
  18 kobolds
  A leopard gecko skeleton (D:4)
  2 quokka skeletons
  12 rats
  6 plants
550 creatures vanquished.

Vanquished Creatures (collateral kills)
  An adder (D:12)
1 creature vanquished.

Vanquished Creatures (others)
  8 fungi
  4 plants
  4 toadstools (D:1)
16 creatures vanquished.

Grand Total: 567 creatures vanquished

Notes
Turn   | Place    | Note
-------+----------+-------------------------------------------
     0 | D:1      | Amnesiac the Mummy Earth Elementalist began the quest for the Orb.
     0 | D:1      | Reached XP level 1. HP: 13/13 MP: 4/4
   191 | D:1      | Reached XP level 2. HP: 18/19 MP: 0/5
   984 | D:2      | Reached XP level 3. HP: 24/24 MP: 4/7
  1109 | D:2      | Learned a level 2 spell: Passwall
  1113 | D:2      | Learned a level 3 spell: Stone Arrow
  1465 | D:2      | Reached XP level 4. HP: 27/30 MP: 6/9
  1507 | D:2      | Learned a level 4 spell: Petrify
  1885 | D:2      | Found a runed door.
  1919 | D:2      | Noticed Crazy Yiuf
  1922 | D:2      | Killed Crazy Yiuf
  2073 | D:3      | Reached XP level 5. HP: 33/35 MP: 11/11
  2269 | D:3      | Noticed Robin
  2320 | D:3      | Killed Robin
  2432 | D:3      | Found a glowing golden altar of the Shining One.
  2592 | D:3      | Found a basalt altar of Yredelemnul.
  3069 | D:3      | Found a snail-covered altar of Cheibriados.
  3204 | D:4      | Found Goutut's Weapon Shoppe.
  3210 | D:4      | Reached XP level 6. HP: 28/41 MP: 11/13
  3360 | D:4      | Reached skill level 5 in Earth Magic
  3468 | D:5      | Entered Level 5 of the Dungeon
  3588 | D:5      | Reached skill level 5 in Spellcasting
  3725 | D:5      | You fall through a shaft!
  3725 | D:6      | Noticed Sigmund
  3725 | D:6      | Noticed an orc warrior
  4131 | D:5      | Reached XP level 7. HP: 46/46 MP: 12/15
  4138 | D:5      | Learned a level 5 spell: Lee's Rapid Deconstruction
  4868 | D:6      | Killed Sigmund
  4955 | D:6      | Reached XP level 8. HP: 18/52 MP: 4/18
  5716 | D:6      | Found a deep blue altar of Sif Muna.
  6271 | D:6      | Found a deep blue altar of Sif Muna.
  6434 | D:7      | Reached XP level 9. HP: 57/57 MP: 5/21
  7066 | D:7      | Found a staircase to the Ecumenical Temple.
  7080 | Temple   | Entered the Ecumenical Temple
  7206 | Temple   | Became a worshipper of Vehumet
  7330 | D:8      | Noticed a two-headed ogre
  7586 | D:8      | Noticed a two-headed ogre
  7596 | D:8      | Killed a two-headed ogre
  8143 | D:8      | Reached skill level 10 in Earth Magic
  8358 | D:8      | Reached skill level 10 in Spellcasting
  8449 | D:8      | Reached * piety under Vehumet
  8449 | D:8      | Offered knowledge of Magic Dart by Vehumet.
  8659 | D:9      | Noticed Psyche
  8783 | D:9      | Killed Psyche
  8783 | D:9      | Reached XP level 10. HP: 63/63 MP: 13/24
  8888 | D:9      | Killed a two-headed ogre
  9336 | D:9      | Reached ** piety under Vehumet
  9342 | D:9      | Offered knowledge of Flame Tongue by Vehumet.
  9822 | D:10     | Entered Level 10 of the Dungeon
  9868 | D:10     | Noticed a two-headed ogre
  9878 | D:10     | Killed a two-headed ogre
 10031 | D:10     | Noticed Maurice
 10130 | D:10     | Killed an unseen horror
 10130 | D:10     | Reached XP level 11. HP: 14/68 MP: 3/26
 10132 | D:10     | Noticed Nergalle
 10226 | D:10     | Found a flagged portal.
 10241 | Bailey   | Entered a bailey
 10436 | Bailey   | Offered knowledge of Conjure Flame by Vehumet.
 10509 | Bailey   | Reached *** piety under Vehumet
 10822 | D:10     | Killed Nergalle
 10833 | D:10     | Offered knowledge of Throw Icicle by Vehumet.
 11017 | D:10     | Noticed Sonja
 11018 | D:10     | Killed Sonja
 11040 | D:10     | Noticed Snorg
 11091 | D:10     | Found Pusibyej's Food Shop.
 11170 | D:10     | Killed Snorg
 11487 | D:10     | Found a staircase to the Orcish Mines.
 11649 | D:10     | Killed Maurice
 11774 | D:11     | HP: 2/68 [barbs]
 11774 | D:12     | Noticed a two-headed ogre
 11775 | D:12     | Noticed Nessos
 11815 | D:11     | Reached **** piety under Vehumet
 12114 | D:11     | Found a staircase to the Lair.
 12155 | D:11     | Offered knowledge of Inner Flame by Vehumet.
 13181 | Orc:1    | Entered Level 1 of the Orcish Mines
 13194 | Orc:1    | Found a runed gate.
 13195 | Orc:1    | Found a runed gate.
 13197 | Orc:1    | Found Diroz's Magic Scroll Boutique.
 13245 | Orc:1    | Found Kuntanagoh's Gadget Shoppe.
 13394 | Orc:1    | Found Ofuy's Distillery.
 13880 | Orc:1    | Found a runed gate.
 13884 | Orc:1    | Noticed an orc knight
 13884 | Orc:1    | Noticed Torious's ghost (journeyman DECj)
 13892 | Orc:1    | Found Eroyriph's Assorted Antiques.
 13908 | Orc:1    | Bought a scroll labeled LIAF SUM ESIX for 26 gold pieces
 13967 | Orc:1    | Noticed an orc knight
 13969 | Orc:1    | Noticed an orc warlord
 14051 | Orc:1    | Found a roughly hewn altar of Beogh.
 14190 | Lair:1   | Entered Level 1 of the Lair of Beasts
 14417 | Lair:1   | Reached XP level 12. HP: 74/74 MP: 15/29
 14521 | Lair:1   | Noticed a death yak
 14594 | Lair:2   | Found a labyrinth entrance.
 14603 | Lab      | Entered a labyrinth
 14810 | Lab      | Noticed a minotaur
 14821 | Lab      | Killed a minotaur
 14836 | Lab      | Got a spiked helmet
 14847 | Lab      | Identified the -1 helmet of Uhafason {rElec} (You found it in a labyrinth)
 15145 | Lair:1   | Killed a death yak
 16098 | Lair:2   | Got a brightly glowing chain mail
 16122 | Lair:2   | Identified the +0 chain mail of Saschi Zuco {+Inv Dex+4} (You found it on level 2 of the Lair of Beasts)
 16140 | Lair:2   | Learned a level 6 spell: Iron Shot
 16218 | Lair:2   | Found a staircase to the Snake Pit.
 16392 | Lair:2   | Found a staircase to the Shoals.
 16916 | Shoals:1 | Entered Level 1 of the Shoals
 16925 | Shoals:1 | Noticed a merfolk avatar
 16928 | Shoals:1 | Noticed a merfolk javelineer
 17192 | Lair:3   | Reached ***** piety under Vehumet
 17206 | Lair:3   | Offered knowledge of Airstrike by Vehumet.
 17870 | Lair:3   | Gained mutation: You are in touch with the powers of death. [Mummy growth]
 17870 | Lair:3   | Reached XP level 13. HP: 79/79 MP: 21/31
 17937 | Lair:3   | Noticed Gastronok
 18026 | Lair:3   | Killed Gastronok
 18262 | Lair:3   | Reached skill level 15 in Earth Magic
 18424 | Lair:4   | Reached skill level 15 in Spellcasting
 18514 | Lair:4   | Found the +3 crown of Dyrovepreva {rElec Int+2 SInv}
 20247 | Lair:5   | Found a staircase to the Slime Pits.
 20738 | Lair:6   | Entered Level 6 of the Lair of Beasts
 20742 | Lair:6   | Offered knowledge of Bolt of Draining by Vehumet.
 20810 | Lair:5   | Learned a level 5 spell: Bolt of Draining
 21439 | Lair:6   | Found a runed gate.
 21439 | Lair:6   | Found a runed gate.
 21439 | Lair:6   | Found a runed gate.
 21999 | Lair:6   | Reached skill level 1 in Shields
 22649 | Lair:6   | Reached XP level 14. HP: 59/85 MP: 16/34
 22701 | Lair:6   | Noticed Lylamap's ghost (journeyman MiBe)
 25261 | Lair:5   | Slain by a dire elephant

Vault maps used:
D:1:      ldierk_walled_garden_2
D:2:      uniq_crazy_yiuf_cottage
D:3:      lemuel_upstairs_altar, lemuel_doored_altar, tso_metal_star, uniq_robin
D:4:      serial_shops, nicolae_shop_waterfront
D:5:      first_ration
D:6:      kennysheep_orc_sif_temple, kennysheep_little_box, uniq_sigmund
D:7:      minmay_temple_entry_nine_rooms
D:9:      uniq_psyche
D:10:     david_orc_1_choice, enter_bailey_3, serial_shops, nicolae_shop_trees,
          uniq_maurice, uniq_nergalle, uniq_snorg, uniq_sonja
D:11:     lair_entry_dummy
D:12:     serial_shops, nicolae_shop_stone, blue_anna_alchemist, uniq_nessos
Temple:   regret_index_temple_chain_breaker
Lair:1:   nicolae_lair_grove_arrangements, grunt_megastairs_1,
          infiniplex_staircase_pool
Lair:2:   minmay_shoals_entry_beasts, minmay_snake_entry_guardpost_medium,
          lab_entry_generic
Lair:3:   grunt_forest_large_clearings, grunt_megastairs_2, uniq_gastronok
Lair:5:   minmay_slime_entry_pillars
Lair:6:   due_jungle_book, gammafunk_ghost_icy, lemuel_fruit_fields
Shoals:1: ldierk_geyser
Orc:1:    biasface_ghost_orc_armoury, serial_shops, shop_statue,
          nicolae_shop_waterfront, nicolae_shop_waterfront,
          nicolae_shop_waterfront
Lab:      labyrinth_mini_lab, lab_block, nicolae_lab_garden,
          labyrinth_lava_lair, nicolae_lab_lava, labyrinth_glass_1,
          nicolae_lab_dead_end, nicolae_lab_arrow, nicolae_lab_grate_2,
          lab_fountain, labyrinth_skeletal_remains, nicolae_lab_checkerboard
Bailey:   bailey_axe_2, bailey

Skill      XL: |  1  2  3  4  5  6  7  8  9 10 11 12 13 14 |
---------------+-------------------------------------------+-----
Earth Magic    | 3 4 5 6 8 10 11 13 14 16 | 16.5
Spellcasting   | 3 4 5 6 8 10 11 13 14 16 | 16.4
Shields        | 1 2 |  2.9
Dodging        | |  1.5
Stealth        | |  1.5
Transmutations | |  0.7

Action                   |  1- 3 |  4- 6 |  7- 9 | 10-12 | 13-15 || total
-------------------------+-------+-------+-------+-------+-------++-------
Melee: Unarmed           |    36 |       |       |       |       ||    36
       Short sword       |    20 |    36 |       |       |       ||    56
       Quarterstaff      |       |    12 |       |       |       ||    12
       Dagger            |       |   225 |   151 |    54 |       ||   430
       Halberd           |       |       |       |    82 |    73 ||   155
 Cast: Sandblast         |    47 |    21 |    97 |    77 |    49 ||   291
       Stone Arrow       |       |     1 |    22 |    23 |       ||    46
       Petrify           |       |     1 |     5 |     8 |    12 ||    26
       Passwall          |       |     1 |       |     1 |       ||     2
       Lee's Rapid Decon |       |       |    34 |   224 |    83 ||   341
       Iron Shot         |       |       |       |       |    92 ||    92
Evoke: Wand              |       |       |    40 |    16 |     7 ||    63
  Use: Scroll            |       |    11 |     6 |     4 |     3 ||    24
 Stab: Sleeping          |       |     1 |       |       |       ||     1
       Petrified         |       |     6 |    13 |    20 |       ||    39
       Petrifying        |       |     1 |       |       |       ||     1
       Distracted        |       |       |       |     1 |       ||     1
       Paralysed         |       |       |       |     1 |       ||     1
Armor: Robe              |    14 |    99 |    75 |    49 |       ||   237
       Ring mail         |       |       |       |    54 |    86 ||   140
Dodge: Dodged            |    38 |   203 |   137 |   139 |    92 ||   609

Table legend:
 A = Spawn XP
 B = Non-spawn XP
 C = Spawn XP percentage of total XP
 D = Spawn monster count
 E = Non-spawn monster count
 F = Spawn count percentage of total count
 G = Total turns spent on level
                    A         B        C        D         E        F      G
               +---------+---------+-------+---------+---------+-------+---------
         Total |       0 |   75559 |   0.0 |       0 |     545 |   0.0 | 25261
               +---------+---------+-------+---------+---------+-------+---------
           D:1 |       0 |      40 |   0.0 |       0 |      22 |   0.0 |  1035
           D:2 |       0 |     153 |   0.0 |       0 |      30 |   0.0 |  1031
           D:3 |       0 |     156 |   0.0 |       0 |      50 |   0.0 |  1032
           D:4 |       0 |      93 |   0.0 |       0 |       6 |   0.0 |   372
           D:5 |       0 |     507 |   0.0 |       0 |      22 |   0.0 |  1077
           D:6 |       0 |    1821 |   0.0 |       0 |      40 |   0.0 |  1848
           D:7 |       0 |     562 |   0.0 |       0 |      10 |   0.0 |   757
           D:8 |       0 |    1846 |   0.0 |       0 |      28 |   0.0 |  1303
           D:9 |       0 |    3852 |   0.0 |       0 |      28 |   0.0 |  1246
          D:10 |       0 |    6159 |   0.0 |       0 |      31 |   0.0 |  1438
          D:11 |       0 |    4040 |   0.0 |       0 |      48 |   0.0 |  1422
          D:12 |       0 |       7 |   0.0 |       0 |       1 |   0.0 |    12
        Lair:1 |       0 |    4736 |   0.0 |       0 |      18 |   0.0 |  1115
        Lair:2 |       0 |    4899 |   0.0 |       0 |      25 |   0.0 |  1401
        Lair:3 |       0 |    9434 |   0.0 |       0 |      44 |   0.0 |  1365
        Lair:4 |       0 |    4621 |   0.0 |       0 |      15 |   0.0 |  1209
        Lair:5 |       0 |    9895 |   0.0 |       0 |      34 |   0.0 |  2250
        Lair:6 |       0 |   20025 |   0.0 |       0 |      42 |   0.0 |  3383
      Shoals:1 |       0 |     293 |   0.0 |       0 |       1 |   0.0 |    16
         Orc:1 |       0 |     501 |   0.0 |       0 |      12 |   0.0 |   900
           Lab |       0 |    1568 |   0.0 |       0 |       4 |   0.0 |   332
        Bailey |       0 |     351 |   0.0 |       0 |      34 |   0.0 |   578
               +---------+---------+-------+---------+---------+-------+---------
